 Dungeon Crawl Stone Soup version 0.29.1-1-gd02db6906a (webtiles) character file.

Game seed: 8987589073586793928

576 lonewolfV2 the Ruffian (level 7, 0/67 HPs)
             Began as a Troll Fighter on Oct 16, 2022.
             Slain by Edmund
             ... wielding a +0 vorpal flail
              (2 damage)
             ... on level 4 of the Dungeon.
             The game lasted 00:06:15 (3253 turns).

lonewolfV2 the Ruffian (Troll Fighter)              Turns: 3253, Time: 00:06:16

Health: 0/67       AC:  4    Str: 27    XL:     7   Next: 12%
Magic:  6/6        EV:  9    Int:  4    God:
Gold:   276        SH:  0    Dex:  9    Spells: 6/6 levels left

rFire   . . .      SeeInvis .     - Unarmed
rCold   . . .      Faith    .   b - +1 kite shield
rNeg    . . .      Spirit   .   a - +0 robe
rPois   .          Reflect  .   (helmet restricted)
rElec   .          Harm     .   (no cloak)
rCorr   .          Rampage  .   (gloves unavailable)
Will    .....                   (boots unavailable)
Stlth   +.........              (no amulet)
HPRegen 1.01/turn               (no ring)
MPRegen 0.10/turn               (no ring)

@: confused, ambrosia-drunk
A: large, unfitting armour, claws 3, regeneration 1, shaggy fur 1, tough skin 1
a: no special abilities


You were on level 4 of the Dungeon.
You visited 1 branch of the dungeon, and saw 4 of its levels.

You collected 276 gold pieces.

Inventory:

Missiles
 k - a throwing net (quivered)
Armour
 a - a +0 robe (worn)
 b - a +1 kite shield (worn)
Jewellery
 e - an amulet of regeneration
 m - an amulet of guardian spirit
 q - a ring of protection from fire
Wands
 l - a wand of paralysis (9)
 n - a wand of light (7)
Scrolls
 d - a scroll of immolation
 j - a scroll of identify
Potions
 c - a potion of might
 f - 3 potions of degeneration
 g - a potion of mutation
 h - 2 potions of invisibility
 i - a potion of attraction


   Skills:
 + Level 3.1 Fighting
 + Level 3.9 Dodging
 + Level 1.1 Stealth
 + Level 3.9 Shields
 + Level 5.2 Unarmed Combat


You had 6 spell levels left.
You didn't know any spells.
Your spell library contained the following spells:

 Spells                   Type           Power      Damage    Failure   Level
 Freeze                   Ice            0%         1d3       78%         1
 Call Canine Familiar     Summ           0%         N/A       98%         3
 Frozen Ramparts          Ice            0%         1d1       98%         3
 Gell's Gravitas          Tloc           0%         N/A       98%         3
 Lesser Beckoning         Tloc           0%         N/A       98%         3
 Portal Projectile        Hex/Tloc       0%         N/A       98%         3
 Teleport Other           Tloc           0%         N/A       98%         3
 Hailstorm                Conj/Ice       0%         3d3       100%        4
 Leda's Liquefaction      Hex/Erth       0%         N/A       100%        4


Dungeon Overview and Level Annotations

Branches:
Dungeon (4/15)
 Temple: D:4-7

Altars:
Gozag
Hepliaklqana
Kikubaaqudgha

Annotations:
D:4 Edmund


Innate Abilities, Weirdness & Mutations

You are too large for most types of armour.
You have claws for hands.
Your natural rate of healing is unusually fast.
You are covered in fur. (AC +1)
You have tough skin. (AC +1)


Message History

The quokka is severely wounded.
The quokka bites you but does no damage.
The hobgoblin hits you.
You barely miss the quokka.
The quokka is severely wounded.
The quokka closely misses you. The hobgoblin hits you.
The quokka closely misses you.
You scratch the quokka.
You kill the quokka!
The hobgoblin barely misses you.
You barely miss Edmund. Edmund hits you with a +0 vorpal flail.
You block the hobgoblin's attack.
You barely miss Edmund. Edmund hits you with a +0 vorpal flail!
You block the hobgoblin's attack.
You mangle Edmund!!
Edmund is moderately wounded.
Edmund hits you with a +0 vorpal flail. The hobgoblin hits you.
You block the hobgoblin's attack. Edmund closely misses you.
You closely miss Edmund.
Edmund is moderately wounded.
Edmund hits you with a +0 vorpal flail. The hobgoblin hits you.
You claw Edmund!
Edmund is heavily wounded.
You block Edmund's attack. The hobgoblin hits you.
You claw Edmund!
Edmund is almost dead.
Edmund hits you with a +0 vorpal flail!
* * * LOW HITPOINT WARNING * * *
The hobgoblin hits you but does no damage.
You scratch Edmund.
Edmund is almost dead.
Edmund asks, "Have you met my wondrous brother?"
Edmund hits you with a +0 vorpal flail!
* * * LOW HITPOINT WARNING * * *
x2 The hobgoblin hits you.
* * * LOW HITPOINT WARNING * * *
You are confused.
You feel invigorated. Edmund hits you with a +0 vorpal flail!
* * * LOW HITPOINT WARNING * * *
You die...

#..............######'##...
#..............#......##...
#..............#......'....
#.....†........'......##...
#..............#......###'#
#..............#....... ...
#..(...........#......# ...
#..............#....... ...
#.........@....#...#.#. ..
#........g@....'..#.#.# ..
#..[...........#.#
#..............#
#..............#
..............#
#####!.......# #........#


You could see Edmund and a hobgoblin.

Vanquished Creatures
  Grinder (D:3)
  Sigmund (D:3)
  An ogre (D:4)
  A jelly (D:4)
  Ijyb (D:3)
  2 adders
  2 dart slugs
  2 orcs
  An endoplasm (D:1)
  A giant cockroach (D:1)
  4 goblins
  5 hobgoblins
  10 jackals
  7 kobolds
  4 quokkas
  7 ball pythons
  6 bats
  2 frilled lizards
  9 rats
67 creatures vanquished.

Notes
Turn   | Place    | Note
-------+----------+-------------------------------------------
     0 | D:1      | lonewolfV2 the Troll Fighter began the quest for the Orb.
     0 | D:1      | Reached XP level 1. HP: 22/22 MP: 0/0
    96 | D:1      | Reached XP level 2. HP: 23/29 MP: 1/1
   537 | D:1      | Reached XP level 3. HP: 28/36 MP: 2/2
  1926 | D:3      | Reached XP level 4. HP: 24/44 MP: 3/3
  1998 | D:3      | Noticed Ijyb
  1999 | D:3      | Found an opulent altar of Gozag.
  2006 | D:3      | Killed Ijyb
  2362 | D:3      | Noticed Grinder
  2403 | D:3      | Killed Grinder
  2404 | D:3      | Reached skill level 4 in Unarmed Combat
  2404 | D:3      | Reached XP level 5. HP: 28/52 MP: 4/4
  2404 | D:3      | Reached XP level 6. HP: 32/59 MP: 5/5
  2835 | D:3      | Found a hazy altar of Hepliaklqana.
  2851 | D:3      | Noticed Sigmund
  2862 | D:3      | Killed Sigmund
  2863 | D:3      | Reached skill level 1 in Stealth
  2875 | D:3      | Found an ancient bone altar of Kikubaaqudgha.
  3068 | D:4      | Reached skill level 5 in Unarmed Combat
  3068 | D:4      | Reached XP level 7. HP: 67/67 MP: 6/6
  3238 | D:4      | Noticed Edmund
  3253 | D:4      | HP: 2/67 [Edmund/+0 vorpal flail (9)]
  3253 | D:4      | Slain by Edmund

Illustrated notes

Levels and vault maps discovered:
D:1:      wander_arrival_fairy_ring, layout_loops_ring, minmay_rat_gold_closets
D:2:      layout_basic, nicolae_figureground_sparkle
D:3:      layout_loops_ring, amcnicky_altar_gilded,
          mainiacjoe_overflow_two_lobes, uniq_sigmund, uniq_grinder, uniq_ijyb
D:4:      layout_gridville, minitemple, minmay_temple_entry_grid, uniq_edmund

Skill      XL: |  1  2  3  4  5  6 |
---------------+-------------------+-----
Shields        | 3 |  3.9
Dodging        | 3 |  3.9
Unarmed Combat | 4 5 |  5.2
Fighting       | 3 |  3.1
Stealth        | 1 |  1.1

Action                   |  1- 3 |  4- 6 |  7- 9 || total
-------------------------+-------+-------+-------++-------
Melee: Unarmed           |   117 |    67 |    24 ||   208
  Use: Scroll            |     5 |     7 |       ||    12
       Potion            |       |       |     1 ||     1
 Stab: Sleeping          |     2 |     1 |       ||     3
Armor: Robe              |    70 |     3 |     5 ||    78
Dodge: Dodged            |    65 |    25 |    11 ||   101
Block: Kite shield       |    68 |    14 |     8 ||    90
